 Dungeon Sprint DCSS version 0.26.1-11-gd32895ea62 (webtiles) character file.

Game seed: 16023000006839864296

13 Groucho the Sneak (level 2, -6/13 HPs)
             Began as a Spriggan Enchanter on July 6, 2021.
             Was a Follower of Kikubaaqudgha.
             Mangled by a water moccasin (9 damage)
             ... while paralysed by a floating eye
             ... in the Dungeon (Sprint VII: "The Pits").
             The game lasted 00:01:17 (365 turns).

Groucho the Sneak (Spriggan Enchanter)               Turns: 365, Time: 00:01:17

Health: -6/13      AC:  2    Str:  4    XL:     2   Next: 24%
Magic:  7/7        EV:  4    Int: 16    God:    Kikubaaqudgha [*.....]
Gold:   0          SH:  0    Dex: 16    Spells: 7/8 levels left

rFire    . . .     SeeInvis +   a - +2 dagger
rCold    . . .     Faith    .   (shield restricted)
rNeg     . . .     Spirit   .   b - +0 robe
rPois    .         Reflect  .   (helmet restricted)
rElec    .         Harm     .   (no cloak)
rCorr    .         Rampage  .   (gloves unavailable)
Will     .....     NoTele   +   (boots unavailable)
Stlth    +++.......             (no amulet)
HPRegen  0.04/turn              (no ring)
MPRegen  0.10/turn              (no ring)

@: paralysed, very quick
A: very small, unfitting armour, see invisible, speed 3
a: Renounce Religion, Receive Corpses


You were in the Dungeon.
You worshipped Kikubaaqudgha.
Kikubaaqudgha was aware of your devotion.
You visited 1 branch

Inventory:

Hand Weapons
 a - a +2 dagger (weapon)
Missiles
 m - 10 stones
Armour
 b - a +0 robe (worn)
Scrolls
 j - 3 scrolls of remove curse
 k - 5 scrolls of amnesia
 l - a scroll of summoning
Potions
 c - 2 potions of invisibility
 e - a potion of heal wounds
 f - a potion of haste
 g - 4 potions of magic
 h - 2 potions of berserk rage


   Skills:
 + Level 0.0 Fighting
 * Level 1.1 Short Blades
 * Level 3.0 Dodging
 * Level 6.8 Stealth
 + Level 3.8 Spellcasting
 + Level 4.5 Hexes
 + Level 0.0 Necromancy


You had 7 spell levels left.
You knew the following spells:

 Your Spells              Type           Power        Failure   Level
a - Corona                Hex            18%          2%          1

Your spell library contained the following spells:

 Spells                   Type           Power        Failure   Level
 Confusing Touch          Hex            17%          8%          3
 Tukima's Dance           Hex            17%          8%          3
 Ensorcelled Hibernation  Hex/Ice        20%          10%         2
 Pain                     Necr           12%          17%         1
 Dazzling Flash           Conj/Hex       20%          21%         3
 Corpse Rot               Necr/Air       N/A          26%         2
 Sublimation of Blood     Necr           1%           26%         2
 Vampiric Draining        Necr           1%           45%         3


Dungeon Overview and Level Annotations

Branches:
Dungeon (1/1)

Altars:
Ashenzari
Cheibriados
Dithmenos
Elyvilon
Fedhas
Gozag
Hepliaklqana
Kikubaaqudgha
Makhleb
Nemelex Xobeh
Okawaru
Qazlal
Ru
Sif Muna
Trog
Uskayaw
Vehumet
Wu Jian
Xom
Yredelemnul
Zin
The Shining One
Beogh
Jiyva
Lugonu


Innate Abilities, Weirdness & Mutations

You are very small and have problems with some larger weapons.
You are too small for most types of armour.
You have supernaturally acute eyesight. (SInv)
You cover ground extremely quickly.


Message History

Press: ? - help, Dir - move target
As you read the scroll of blinking, it crumbles to dust.
An adder and a kobold come into view.
The water moccasin hisses angrily.
The water moccasin bites you. The floating eye's view fixates on you.
The water moccasin bites you.
Unknown command.
You hit the floating eye.
The floating eye is moderately wounded.
The water moccasin misses you.
You hit the floating eye.
The floating eye is heavily wounded.
The floating eye gazes piercingly through you!
You suddenly lose the ability to move!
The water moccasin bites you.
* * * LOW HITPOINT WARNING * * *
The water moccasin bites you!
Ouch! That really hurt!
You die...
Kikubaaqudgha rasps: "You have failed me!
Welcome... death!"

#.......)...'.........
#+#####'#####......#..
#.÷...##.........
#####'#####'#####
#...÷.##.......#
#...§.##.......#
###'####.......#
##+#....K##...<...#
#.S@.....##.......#
#..G....S##.......#
###########.......#
#########


You could see a water moccasin, a floating eye, an adder (asleep) and a kobold
(asleep).

Vanquished Creatures
  A gnoll (D)
  A giant cockroach (D)
  A ball python (D)
  2 rats (D)
5 creatures vanquished.

Notes
Turn   | Place    | Note
-------+----------+-------------------------------------------
     0 | D        | Groucho the Spriggan Enchanter began the quest for the Orb.
     0 | D        | Reached XP level 1. HP: 9/9 MP: 5/5
    37 | D        | Found a bloodstained altar of Trog.
    37 | D        | Found a shimmering blue altar of Sif Muna.
    37 | D        | Found a viscous altar of Jiyva.
    37 | D        | Found a hazy altar of Hepliaklqana.
    37 | D        | Found an opulent altar of Gozag.
    38 | D        | Found a glowing golden altar of the Shining One.
    38 | D        | Found a glowing silver altar of Zin.
    38 | D        | Found a basalt altar of Yredelemnul.
    38 | D        | Found a shimmering altar of Xom.
    38 | D        | Found an ornate altar of the Wu Jian Council.
    38 | D        | Found a sacrificial altar of Ru.
    38 | D        | Found a stormy altar of Qazlal.
    38 | D        | Found an iron altar of Okawaru.
    38 | D        | Found a sparkling altar of Nemelex Xobeh.
    38 | D        | Found a burning altar of Makhleb.
    38 | D        | Found a blossoming altar of Fedhas.
    38 | D        | Found a white marble altar of Elyvilon.
    38 | D        | Found a shadowy altar of Dithmenos.
    38 | D        | Found a snail-covered altar of Cheibriados.
    40 | D        | Found a radiant altar of Vehumet.
    40 | D        | Found a corrupted altar of Lugonu.
    40 | D        | Found a roughly hewn altar of Beogh.
    41 | D        | Found a hide-covered altar of Uskayaw.
    41 | D        | Found an ancient bone altar of Kikubaaqudgha.
    41 | D        | Found a broken altar of Ashenzari.
    50 | D        | Became a worshipper of Kikubaaqudgha
    69 | D        | Reached skill level 5 in Stealth
    74 | D        | Reached * piety under Kikubaaqudgha
    74 | D        | Identified Kikubaaqudgha's Papyrus of Evil Magic
                  | (Kikubaaqudgha gifted it to you in the Dungeon)
    74 | D        | Received a gift from Kikubaaqudgha
    90 | D        | Reached skill level 6 in Stealth
    90 | D        | Reached XP level 2. HP: 9/13 MP: 5/7
   361 | D        | Noticed a water moccasin
   361 | D        | Noticed a floating eye
   364 | D        | Paralysed by a floating eye for 4 turns
   365 | D        | Mangled by a water moccasin

Illustrated notes

Levels and vault maps discovered:
D:        pitsprint [storerooms_1, entrance_room_1, metal_vault_2, armoury_2,
          mini_pit_1, grid_room_1, main_hall_1, silver_pit, the_coven_1,
          the_vestibule_1, steel_vault_2, golden_pit, hallway_of_sentries,
          crystal_vault_6, iron_vault_5, final_vault]

Skill      XL: |  1 |
---------------+----+-----
Stealth        | 6 |  6.8
Spellcasting   | 3 |  3.8
Hexes          | 4 |  4.5
Short Blades   | |  1.1
Dodging        | |  3.0

Action                   || total
-------------------------++-------
Melee: Dagger            ||     8
  Use: Potion            ||     2
       Scroll            ||     1
 Stab: Sleeping          ||     4
Dodge: Dodged            ||     1
